 Dungeon Crawl Stone Soup version 0.26-a0-591-g04f19ec95a (webtiles) character file.

Game seed: 8690588858313829905

8303 Isi the Carver (level 11, -4/145 HPs)
             Began as a Minotaur Abyssal Knight on Aug 24, 2020.
             Was the Champion of Lugonu.
             Slain by a black mamba (7 damage)
             ... on level 1 of the Lair of Beasts.
             The game lasted 00:47:07 (13257 turns).

Isi the Carver (Minotaur Abyssal Knight)           Turns: 13257, Time: 00:47:07

Health: -4/145     AC: 19    Str: 23    XL:     11   Next: 8%
Magic:  15/15      EV: 12    Int: 11    God:    Lugonu [******]
Gold:   645        SH:  0    Dex:  9    Spells: 10/10 levels left

rFire    x . .     SeeInvis +   z - +6 great sword
rCold    + + .     Faith    .   (shield currently unavailable)
rNeg     . . .     Spirit   .   n - +3 ice dragon scales
rPois    +         Reflect  .   u - +2 hat
rElec    .         Harm     .   (no cloak)
rCorr    .                      A - +0 pair of gloves
MR       .....                  (no boots)
Stlth    ..........             (no amulet)
HPRegen  0.34/turn              r - ring of see invisible
MPRegen  0.14/turn              j - ring of poison resistance

@: berserking, lethally poisoned (-4 -> -15), very quick
A: retaliatory headbutt, horns 2, clever 1, screaming 1, strong 1
a: Depart the Abyss, Bend Space, Banish, Corrupt, Enter the Abyss, Brand Weapon
With Distortion, Renounce Religion


You were on level 1 of the Lair of Beasts.
You worshipped Lugonu.
Lugonu was exalted by your worship.
You visited 2 branches of the dungeon, and saw 10 of its levels.
You visited the Abyss 1 time.
You also visited: Ossuary.

You collected 645 gold pieces.

Inventory:

Hand Weapons
 a - a +2 falchion
 z - a +6 great sword (weapon)
 E - the +2 war axe of Dismemberment {drain, Dex+6 Stlth+}
   (You found it on level 9 of the Dungeon)

   A truly terrible weapon, it drains the life of those it strikes.
   It affects your dexterity (+6).
   It makes you more stealthy.
Missiles
 c - 22 poisoned darts (quivered)
Armour
 n - +3 ice dragon scales (worn)
 u - a +2 hat (worn)
 A - a +0 pair of gloves (worn)
 F - the +0 chain mail "Vooreviteyw" {MR+ rCorr Int+6}
   (You took it off an orc warrior on level 7 of the Dungeon)

   It affects your intelligence (+6).
   It affects your resistance to hostile enchantments.
   It provides partial protection from all sources of acid and corrosion.
 G - a +1 leather armour of fire resistance
Jewellery
 j - a ring of poison resistance (right hand)
 q - an uncursed ring of ice
 r - a ring of see invisible (left hand)
Wands
 f - a wand of acid (7)
 g - a wand of paralysis (5)
 o - a wand of disintegration (9)
 y - a wand of flame (18)
Scrolls
 b - a scroll of fog
 d - 2 scrolls of identify
 e - a scroll of immolation
 i - 3 scrolls of fear
 k - 3 scrolls of remove curse
 m - 5 scrolls of amnesia
 s - a scroll of blinking
 t - 6 scrolls of teleportation
 C - a scroll of magic mapping
Potions
 h - 4 potions of cancellation
 l - 4 potions of magic
 p - a potion of resistance
 v - 3 potions of curing
 x - a potion of flight
 B - a potion of heal wounds


   Skills:
 + Level 9.2 Fighting
 + Level 12.1 Long Blades
 - Level 1.0 Throwing
 + Level 9.6 Armour
 + Level 6.0 Dodging
 * Level 7.4 Invocations


You had 10 spell levels left.
You didn't know any spells.
Your spell library contained the following spells:

 Spells                   Type           Power        Failure   Level
 Sandblast                Erth           #.....       65%         1
 Summon Small Mammal      Summ           #...         65%         1
 Call Imp                 Summ           #.......     80%         2
 Passwall                 Tmut/Erth      #.......     80%         2
 Call Canine Familiar     Summ           #.......     95%         3
 Stone Arrow              Conj/Erth      #.....       95%         3
 Summon Guardian Golem    Hex/Summ       #.......     95%         3
 Petrify                  Tmut/Erth      #.......     100%        4
 Summon Ice Beast         Ice/Summ       #.......     100%        4
 Summon Lightning Spire   Summ/Air       #.......     100%        4
 Lee's Rapid Deconstruct  Erth           #.........   100%        5


Dungeon Overview and Level Annotations

Branches:
Dungeon (9/15)             Temple (0/1) D:7            Lair (1/6) D:9
Ossuary (visited)
    Orc: D:9-12

Altars:
Kikubaaqudgha
Makhleb
Nemelex Xobeh
Ru
Sif Muna
Trog
Uskayaw
Zin
The Shining One
Beogh


Innate Abilities, Weirdness & Mutations

You reflexively headbutt those who attack you in melee.
You have a pair of horns on your head.
Your mind is acute. (Int +2)
You occasionally shout uncontrollably at your foes.
Your muscles are strong. (Str +2)


Message History

You are poisoned.
The black mamba poisons you!
You hit the yak.
The yak is moderately wounded.
You feel sick. The yak gores you!
* * * LOW HITPOINT WARNING * * *
The black mamba barely misses you. The yak misses you. You furiously retaliate!
You headbutt the yak! The yak gores you.
* * * LOW HITPOINT WARNING * * *
* * * LOW HITPOINT WARNING * * *
You feel sick. The yak gores you.
* * * LOW HITPOINT WARNING * * *
The yak barely misses you.
You are too berserk!
You hit the yak.
The yak is severely wounded.
* * * LOW HITPOINT WARNING * * *
You feel sick. The black mamba closely misses you.
The yak gores you but does no damage. The black mamba bites you!
You die...

.#....... # #........
##. ##.#....#. ...#
### #.........
....##.####.........
P.#..#.⌠.##...#.⌠.⌠.#
.........#..†.......
#⌠.YYY...#...>...
#..@SY†..#.......
##.⌠Y##..##.⌠.⌠.#
###.###..#.....#
#....##.........
#....#...#......
#.....<#...#.#..
#.###..###... ## ####


You could see a black mamba and 5 yaks.

Vanquished Creatures
  Pikel (D:8)
  The ghost of Sergey the Shield-Bearer, a novice DDFi of Makhleb (D:7)
  A komodo dragon (Lair:1)
  An efreet (D:9)
  A hornet (D:9)
  Grinder (D:3)
  A hippogriff (D:8)
  A shadow (D:8)
  Eustachio (D:4)
  12 yaks
  Menkaure (D:4)
  5 porcupines
  4 orc warriors
  2 black bears (D:9)
  2 ice beasts (D:8)
  A necrophage (D:9)
  2 phantoms
  An ogre (D:6)
  3 centaurs
  3 crocodiles
  2 lemures (D:8)
  2 big kobolds
  4 bullfrogs
  4 scorpions
  2 howler monkeys
  A centaur zombie (D:9)
  A bullfrog zombie (D:8)
  A gnoll shaman (D:8)
  4 jellies
  5 orc priests
  4 hounds
  10 orc wizards
  A centaur skeleton (D:4)
  5 iguanas
  7 worker ants
  A hound zombie (D:7)
  3 hound skeletons
  12 mummies (Ossuary)
  A worker ant zombie (D:9)
  13 gnolls
  10 adders
  2 shadow imps
  3 white imps
  An ufetubus (D:8)
  An ooze (D:3)
  An adder zombie (D:6)
  An adder skeleton (D:4)
  A worm (D:3)
  A dart slug (D:1)
  3 leopard geckos
  43 orcs
  A ball python (D:2)
  6 bats
  7 giant cockroaches
  7 hobgoblins
  3 jackals (D:7)
  5 quokkas
  4 frilled lizards
  4 gnoll skeletons (Ossuary)
  5 goblins
  A goblin skeleton (Ossuary)
  A jackal zombie (D:7)
  17 kobolds
  A kobold skeleton (Ossuary)
  A leopard gecko skeleton (D:4)
  A leopard gecko zombie (D:9)
  2 orc skeletons (Ossuary)
  5 rats
  11 rat skeletons (Ossuary)
277 creatures vanquished.

Vanquished Creatures (others)
  An orc priest (D:9)
  35 fungi
  38 plants (D:9)
74 creatures vanquished.

Grand Total: 351 creatures vanquished

Notes
Turn   | Place    | Note
-------+----------+-------------------------------------------
     0 | Abyss:1  | Isi the Minotaur Abyssal Knight began the quest for the
                  | Orb.
     0 | Abyss:1  | Reached XP level 1. HP: 19/19 MP: 1/1
    19 | D:1      | Escaped the Abyss
   291 | D:1      | Reached XP level 2. HP: 20/28 MP: 2/2
   722 | D:1      | Reached XP level 3. HP: 10/34 MP: 3/3
  1282 | D:2      | Reached skill level 3 in Long Blades
  1340 | D:2      | Reached ** piety under Lugonu
  1341 | D:2      | Found a hide-covered altar of Uskayaw.
  1414 | D:2      | Reached XP level 4. HP: 17/41 MP: 4/4
  2154 | D:2      | Found an ancient bone altar of Kikubaaqudgha.
  2255 | D:3      | Reached skill level 4 in Long Blades
  2365 | D:3      | Reached skill level 5 in Fighting
  2587 | D:3      | Noticed Grinder
  2588 | D:3      | Paralysed by Grinder for 6 turns
  2620 | D:3      | Killed Grinder
  2620 | D:3      | Reached skill level 5 in Long Blades
  2620 | D:3      | Reached XP level 5. HP: 14/48 MP: 5/5
  2620 | D:3      | Reached XP level 6. HP: 17/56 MP: 6/6
  3344 | D:3      | Reached *** piety under Lugonu
  3528 | D:4      | Gained mutation: Your muscles are strong. (Str +2) [potion
                  | of mutation]
  3528 | D:4      | Gained mutation: You occasionally shout uncontrollably at
                  | your foes. [potion of mutation]
  3528 | D:4      | Gained mutation: Your mind is acute. (Int +2) [potion of
                  | mutation]
  3746 | D:4      | Noticed Eustachio
  3762 | D:4      | Killed Eustachio
  3762 | D:4      | Reached skill level 6 in Long Blades
  3762 | D:4      | Reached skill level 1 in Throwing
  3762 | D:4      | Reached skill level 5 in Armour
  3762 | D:4      | Reached XP level 7. HP: 20/61 MP: 7/7
  4028 | D:4      | Noticed Menkaure
  4037 | D:4      | Killed Menkaure
  4841 | D:4      | Found a sparkling altar of Nemelex Xobeh.
  4843 | D:4      | Found a glowing silver altar of Zin.
  6491 | D:5      | Entered Level 5 of the Dungeon
  6676 | D:5      | Found a sacrificial altar of Ru.
  7170 | D:5      | Found a shimmering blue altar of Sif Muna.
  7477 | D:6      | Reached skill level 7 in Long Blades
  7477 | D:6      | Reached XP level 8. HP: 45/70 MP: 9/9
  8163 | D:6      | Reached **** piety under Lugonu
  8657 | D:7      | Found a sand-covered staircase.
  8661 | Ossuary  | Entered an ossuary
  8826 | Ossuary  | Reached skill level 8 in Long Blades
  9277 | D:7      | Found a runed translucent gate.
  9277 | D:7      | Found a runed translucent gate.
  9279 | D:7      | Found a runed translucent gate.
  9281 | D:7      | Noticed Sergey's ghost (novice DDFi)
  9284 | D:7      | Identified the +0 chain mail "Vooreviteyw" {MR+ rCorr
                  | Int+6}
  9309 | D:7      | Reached ***** piety under Lugonu
  9343 | D:7      | Found a roughly hewn altar of Beogh.
  9577 | D:7      | Found a staircase to the Ecumenical Temple.
  9750 | D:7      | Reached XP level 9. HP: 78/78 MP: 11/11
  9805 | D:7      | Found a burning altar of Makhleb.
 10046 | D:8      | Reached skill level 9 in Long Blades
 10050 | D:8      | Reached skill level 5 in Invocations
 10079 | D:9      | Noticed Pikel
 10126 | D:8      | Killed Pikel
 10338 | D:8      | Found a glowing golden altar of the Shining One.
 10403 | D:8      | Reached skill level 10 in Long Blades
 10458 | D:8      | Found a bloodstained altar of Trog.
 11034 | D:9      | Found a staircase to the Lair.
 11041 | D:9      | Reached XP level 10. HP: 80/88 MP: 13/13
 11085 | D:9      | Reached skill level 5 in Dodging
 11494 | D:9      | Reached skill level 11 in Long Blades
 12292 | D:9      | Reached ****** piety under Lugonu
 12681 | D:9      | Got a scorched war axe
 12682 | D:9      | Identified the +2 war axe of Dismemberment {drain, Dex+6
                  | Stlth+} (You found it on level 9 of the Dungeon)
 13017 | D:7      | Killed Sergey's ghost
 13210 | Lair:1   | Entered Level 1 of the Lair of Beasts
 13215 | Lair:1   | Reached skill level 12 in Long Blades
 13215 | Lair:1   | Reached XP level 11. HP: 90/97 MP: 15/15
 13256 | Lair:1   | HP: 5/145 [yak (4)]
 13257 | Lair:1   | Slain by a black mamba

Illustrated notes

Levels and vault maps discovered:
D:1:      dpeg_arrival_more_subterranean_lakeside_camping, layout_rooms,
          nrook_loot_triangle, minmay_misc_feat_four_crosses, minivault_4
D:2:      layout_rooms, lemuel_round_altar, lemuel_round_altar
D:3:      layout_loops_ring, uniq_grinder
D:4:      layout_basic, grunt_temple_overflow_open, minmay_misc_feat_nine_boxes,
          uniq_eustachio, uniq_menkaure
D:5:      layout_loops_cross, nicolae_ru_awakened_eye, tgw_sif,
          grunt_decor_clamped
D:6:      layout_basic
D:7:      layout_loops_ring, nicolae_overflow_crystal_walls, temple_pool_b,
          biasface_ghost_orc_armoury, enter_ossuary_5
D:8:      layout_loops_ring, lemuel_crystal_altar, nicolae_tso_carved_into_rock
D:9:      layout_cross, due_lair_maze_entry_diamond, serial_bayou,
          serial_bayou_pond_b, uniq_pikel
Lair:1:   layout_misc_corridors, grunt_megastairs_2

Skill      XL: |  1  2  3  4  5  6  7  8  9 10 |
---------------+-------------------------------+-----
Fighting       | 4 5 6 7 9 |  9.2
Invocations    | 2 3 4 6 7 |  7.4
Long Blades    | 3 5 6 7 8 10 12 | 12.1
Armour         | 4 5 6 7 8 9 |  9.6
Dodging        | 2 3 4 6 |  6.0
Throwing       | 1 |  1.0

Action                   |  1- 3 |  4- 6 |  7- 9 | 10-12 || total
-------------------------+-------+-------+-------+-------++-------
Melee: Falchion          |    68 |   142 |   498 |   202 ||   910
       Headbutt          |     6 |    26 |   106 |    54 ||   192
       Great sword       |       |       |       |    26 ||    26
Throw: Dart              |       |     9 |    16 |       ||    25
Invok: Bend Space        |       |     3 |       |     1 ||     4
  Use: Potion            |     2 |     7 |     4 |     3 ||    16
       Scroll            |     5 |     4 |    18 |     5 ||    32
 Stab: Invisible         |       |       |       |     3 ||     3
Armor: Leather armour    |    27 |     2 |       |       ||    29
       Ice dragon scales |       |    57 |   209 |   122 ||   388
       Ring mail         |       |     1 |       |       ||     1
       Skin              |       |       |    65 |       ||    65
Dodge: Dodged            |    47 |    62 |   243 |   153 ||   505
       Rpst.: Falchion   |    13 |    15 |    75 |    37 ||   140
       Great sword       |       |       |       |     3 ||     3

Table legend: (Time is in decaauts)
 A = Elapsed time spent in this place.
 B = Non-inter-level travel time spent in this place.
 C = Inter-level travel time spent in this place.
 D = Time resting spent in this place.
 E = Time spent auto-exploring this place.
 F = Levels seen in this place.
 G = Mean time per level.
                   A        B        C        D        E       F      G
               +--------+--------+--------+--------+--------+-----+--------+
         Total |  13179 |  12360 |    819 |   5178 |   4955 |  12 | 1098.2 |
       Dungeon |  12576 |  11759 |    817 |   5057 |   4817 |   9 | 1397.3 |
          Lair |     48 |     46 |      2 |      0 |      3 |   1 |   48.0 |
         Abyss |     20 |     20 |      0 |      0 |      0 |   1 |   20.0 |
       Ossuary |    534 |    534 |      0 |    121 |    135 |   1 |  534.0 |
               +--------+--------+--------+--------+--------+-----+--------+

Top non-repeatable levels by time:
     D:4: 2987 daAuts
     D:9: 1547 daAuts
     D:8: 1273 daAuts
     D:3: 1254 daAuts
     D:1: 1247 daAuts
     D:7: 1134 daAuts
     D:6: 1069 daAuts
     D:5: 1059 daAuts
     D:2: 1002 daAuts
 Ossuary: 534 daAuts
  Lair:1: 48 daAuts
 Abyss:1: 20 daAuts
